 Dungeon Crawl Stone Soup version 0.30.1-11-g7821555f0a (webtiles) character file.

Game seed: 15900256775019169704

3156 hawla the Thaumaturge (level 9, -20/48 HPs)
             Began as a Deep Elf Fire Elementalist on Jan 12, 2024.
             Was a Believer of Vehumet.
             Shot with an arrow by a centaur warrior (24 damage)
             ... on level 7 of the Dungeon.
             The game lasted 00:23:54 (6919 turns).

hawla the Thaumaturge (Deep Elf Fire Elementalist)  Turns: 6919, Time: 00:23:56

Health: -20/48     AC:  3    Str:  7    XL:     9   Next: 62%
Magic:  3/24       EV: 14    Int: 28    God:    Vehumet [**....]
Gold:   358        SH:  0    Dex: 15    Spells: 12/27 levels left

rFire   + . .        d - +6 dagger "Abbeehoz" {freeze, Fragile Str+4 Int+3 SInv}
rCold   . . .        (no shield)
rNeg    . . .        a - +0 robe
rPois   .            (no helmet)
rElec   .            q - +0 cloak
rCorr   .            (no gloves)
SInv    +            (no boots)
Will    .....        u - amulet of regeneration
Stlth   ++           g - ring of protection from fire
HPRegen 1.08/turn    (no ring)
MPRegen 0.19/turn

%: no passive effects
@: about to teleport, very slightly contaminated
A: screaming 1, weak 1
a: Renounce Religion


You were on level 7 of the Dungeon.
You worshipped Vehumet.
Vehumet was pleased with you.
You visited 2 branches of the dungeon, and saw 8 of its levels.

You collected 1304 gold pieces.
You spent 946 gold pieces at shops.

Inventory:

Hand Weapons
 d - the +6 dagger "Abbeehoz" (weapon) {freeze, Fragile Str+4 Int+3 SInv}
   (You took it off a hobgoblin on level 4 of the Dungeon)

   Str:       It affects your strength (+4).
   Int:       It affects your intelligence (+3).
   SInv:      It lets you see invisible.
   Fragile:   It will be destroyed if unequipped.
 k - a +1 dagger of venom
 s - a +0 falchion of draining
Armour
 a - a +0 robe (worn)
 q - a +0 cloak (worn)
Jewellery
 g - a ring of protection from fire (left hand)
 j - the ring "Zanecrar" {Fly rC+ rCorr Str+4}
   (You acquired it on level 7 of the Dungeon)

   [ring of resist corrosion]

   Str:       It affects your strength (+4).
   rC:        It protects you from cold.
   Fly:       It grants you flight.
   rCorr:     It protects you from acid and corrosion.
 u - an amulet of regeneration (around neck)
Wands
 r - a wand of mindburst (12)
 v - a wand of charming (13) (quivered)
Scrolls
 l - a scroll of magic mapping {unknown}
 o - a scroll of amnesia
Potions
 b - 2 potions of magic
 c - a potion of flight
 f - 2 potions of might
 h - a potion of lignification {unknown}
 i - 2 potions of attraction
 m - 2 potions of curing
 n - a potion of brilliance
 t - a potion of ambrosia


   Skills:
 + Level 2.0 Fighting
 + Level 2.9(3.0) Short Blades
 + Level 1.0(2.0) Long Blades
 + Level 5.0 Dodging
 - Level 3.6 Stealth
 + Level 9.5 Spellcasting
 + Level 5.2 Conjurations
 + Level 2.9 Necromancy
 + Level 4.7 Translocations
 + Level 7.4 Fire Magic
 + Level 3.0 Evocations


You had 12 spell levels left.
You knew the following spells:

 Your Spells              Type           Power      Damage    Failure   Level
a - Foxfire               Conj/Fire      100%       2x1d9     1%          1
b - Scorch                Fire           100%       2d9       1%          2
c - Flame Wave            Conj/Fire      49%        2d12      3%          4
d - Iskenderun's Mystic   Conj/Tloc      41%        2d9       5%          4
e - Dispel Undead         Necr           29%        3d13      12%         4

Your spell library contained the following spells:

 Spells                   Type           Power      Damage    Failure   Level
 Momentum Strike          Conj/Tloc      82%        3d10      1%          2
 Apportation              Tloc           78%        N/A       1%          1
 Kiss of Death            Conj/Necr      100%       2d13      1%          1
 Magic Dart               Conj           100%       1d8       1%          1
 Searing Ray              Conj           84%        2d7       1%          2
 Sublimation of Blood     Necr           29%        N/A       1%          2
 Volatile Blastmotes      Fire/Tloc      94%        2d17      1%          3
 Inner Flame              Hex/Fire       34%        N/A       2%          3
 Vampiric Draining        Necr           29%        2d8       3%          3
 Dazzling Flash           Conj/Hex       56%        N/A       4%          3
 Hailstorm                Conj/Ice       28%        3d8       4%          3
 Stone Arrow              Conj/Erth      56%        3d10      4%          3
 Mephitic Cloud           Conj/Pois/Air  23%        N/A       6%          3
 Animate Dead             Necr           29%        N/A       12%         4
 Confusing Touch          Hex            13%        N/A       13%         3
 Fulminant Prism          Conj/Hex       14%        3d8       14%         4
 Iskenderun's Battlesphe  Conj           42%        2d9       14%         5
 Starburst                Conj/Fire      24%        6d8       43%         6
 Borgnjor's Vile Clutch   Necr/Erth      10%        N/A       54%         5
 Alistair's Intoxication  Tmut/Pois      8%         N/A       75%         5
 Lee's Rapid Deconstruct  Erth           6%         3d6*      75%         5
 Death Channel            Necr           14%        N/A       88%         6
 Borgnjor's Revivificati  Necr           14%        N/A       100%        8
 Necromutation            Tmut/Necr      10%        N/A       100%        8
 Chain Lightning          Conj/Air       14%        3d18      100%        9
 Death's Door             Necr           14%        N/A       100%        9
 Fire Storm               Conj/Fire      24%        8d6       100%        9
 Polar Vortex             Ice            6%         N/A       100%        9


Dungeon Overview and Level Annotations

Branches:
Dungeon (7/15)             Temple (1/1) D:4

Altars:
Cheibriados
Dithmenos
Elyvilon
Fedhas
Hepliaklqana
Makhleb
Nemelex Xobeh
Qazlal
Ru
Sif Muna
Trog
Uskayaw
Vehumet
Wu Jian
Yredelemnul
The Shining One

Shops:
D:3 :   D:5 *


Innate Abilities, Weirdness & Mutations

You occasionally shout uncontrollably at your foes.
You are weak. (Str -2)


Message History

The centaur warrior collides with the plant!
The plant is lightly damaged.
The centaur warrior hits you with the staff of earth "Bomyuna" {rElec rC+ Int-4}!
The centaur warrior barely misses you.
Casting: Iskenderun's Mystic Blast (dangerous; 5% risk of failure)
Confirm with . or Enter, or press ? or * to list all spells.
You erupt in a blast of force!
The mystic blast hits the plant!
The plant is lightly damaged.
The mystic blast hits the centaur warrior.
The centaur warrior is severely wounded.
The centaur warrior is knocked back by the mystic blast.
The centaur warrior collides with the plant!
The plant is moderately damaged.
The centaur warrior is severely wounded.
The centaur warrior hits you with the staff of earth "Bomyuna" {rElec rC+ Int-4}!
* * * LOW HITPOINT WARNING * * *
The centaur warrior kicks you.
* * * LOW HITPOINT WARNING * * *
Okay, then.
You feel much better.
A nearby plant withers and dies.
The centaur warrior hits you with the staff of earth "Bomyuna" {rElec rC+ Int-4}!
The centaur warrior closely misses you.
Casting: Iskenderun's Mystic Blast (dangerous; 5% risk of failure)
Confirm with . or Enter, or press ? or * to list all spells.
You erupt in a blast of force!
The mystic blast hits the iguana.
The iguana is lightly wounded.
The iguana is knocked back by the mystic blast.
The mystic blast hits the centaur warrior!
The centaur warrior is almost dead.
The centaur warrior is knocked back by the mystic blast.
The centaur warrior wields a +0 shortbow.
The centaur warrior shoots an arrow.
The arrow hits you!!
* * * LOW HITPOINT WARNING * * *
As you read the scroll of teleportation, it crumbles to dust.
You feel strangely unstable.
The centaur warrior is no longer more vulnerable to fire.
The iguana hisses menacingly.
The centaur warrior shoots an arrow.
The arrow hits you!!
Ouch! That really hurt!
You die...

########.##############...##.####
#♣≈≈≈~~♣.♣~~≈≈≈♣# #...#.#....
#≈≈≈~~~♣.♣~~~≈≈≈# ♣ #.....>####
#≈≈~~~.....~~~≈≈# .♣ #......#
#≈≈~~...~...~~≈≈# ♣.♣♣#.....##
#~~~...~≈~...~~~#♣...♣#....##
#÷~...~≈~≈~...~~#.....#....#
#.♣....###....♣♣#.....#..#.#
......#)..#.....@.cl....##..
#......###....♣♣#.....#. #..
#~~...~≈~≈~...~~#.....#.
#~~~...~≈~...~~~#♣...♣#.
#≈≈~~...~...~~≈≈# ♣.♣♣#.##
#≈≈~~~.....~~~≈≈# .♣ #..# .
#≈≈≈~~~♣.♣~~~≈≈≈# ♣ #..# ....
#♣≈≈≈~~♣.♣~~≈≈≈♣# #..# #.
#######.# ### #..# #.


You could see a centaur warrior and an iguana.

Vanquished Creatures
  Joseph (D:7)
  Grinder (D:3)
  Prince Ribbit (D:7)
  A wyvern (D:7)
  2 water moccasins
  2 orc warriors (D:7)
  2 ogres
  2 sky beasts
  A centaur (D:6)
  A kobold brigand (D:7)
  A phantom (D:5)
  3 scorpions
  A howler monkey (D:6)
  An electric eel (D:7)
  4 hounds
  4 jellies
  A gnoll bouda (D:5)
  7 orc priests
  Crazy Yiuf (D:2)
  6 iguanas
  Terence (D:3)
  Jessica (D:3)
  A sleepcap (D:7)
  6 orc wizards
  5 gnolls
  3 adders
  2 shadow imps
  A white imp (D:6)
  An ufetubus (D:6)
  2 worms
  2 dart slugs
  28 orcs
  7 endoplasms
  5 giant cockroaches
  6 goblins
  9 hobgoblins
  2 jackals (D:2)
  11 kobolds
  A quokka (D:4)
  3 ball pythons
  6 bats
  3 frilled lizards
  7 rats
156 creatures vanquished.

Vanquished Creatures (others)
  189 foxfires
189 creatures vanquished.

Grand Total: 345 creatures vanquished

Notes
Turn   | Place    | Note
-------+----------+-------------------------------------------
     0 | D:1      | hawla the Deep Elf Fire Elementalist began the quest for
                  | the Orb.
     0 | D:1      | Reached XP level 1. HP: 10/10 MP: 6/6
   138 | D:1      | Reached XP level 2. HP: 14/15 MP: 1/8
   141 | D:1      | Learned a level 2 spell: Scorch
   410 | D:1      | You fall into a shaft and drop 1 floor!
  1021 | D:2      | Reached XP level 3. HP: 17/19 MP: 10/10
  1150 | D:2      | Found a faded altar of an unknown god.
  1235 | D:2      | Reached skill level 4 in Spellcasting
  1705 | D:2      | Found a runed translucent door.
  1706 | D:2      | Noticed Crazy Yiuf
  1820 | D:2      | Killed Crazy Yiuf
  1821 | D:2      | Reached XP level 4. HP: 24/24 MP: 4/12
  1832 | D:2      | Learned a level 4 spell: Flame Wave
  1924 | D:3      | Gained mutation: You occasionally shout uncontrollably at
                  | your foes. [potion of mutation]
  1924 | D:3      | Gained mutation: You are weak. (Str -2) [potion of
                  | mutation]
  1930 | D:3      | Noticed Grinder
  1933 | D:3      | Paralysed by Grinder for 5 turns
  1945 | D:3      | Killed Grinder
  1946 | D:3      | Reached XP level 5. HP: 7/28 MP: 8/14
  1946 | D:3      | Reached XP level 6. HP: 8/32 MP: 8/15
  2387 | D:3      | Noticed Terence
  2396 | D:3      | Killed Terence
  2397 | D:3      | Reached skill level 5 in Spellcasting
  2619 | D:3      | Found Emizefyu's Book Boutique.
  2712 | D:3      | Noticed Jessica
  2715 | D:3      | Killed Jessica
  2979 | D:4      | Reached skill level 1 in Long Blades
  3180 | D:4      | Reached XP level 7. HP: 7/37 MP: 9/17
  3253 | D:4      | Reached skill level 6 in Spellcasting
  3310 | D:4      | Identified the +6 dagger "Abbeehoz" {freeze, Fragile Str+4
                  | Int+3 SInv}
  3438 | D:4      | Found a staircase to the Ecumenical Temple.
  3456 | D:4      | Reached skill level 1 in Fighting
  3456 | D:4      | Reached skill level 5 in Fire Magic
  3460 | Temple   | Entered the Ecumenical Temple
  3466 | Temple   | Became a worshipper of Vehumet
  3621 | D:4      | Reached skill level 1 in Short Blades
  3734 | D:5      | Entered Level 5 of the Dungeon
  3836 | D:5      | Got the Anthology of the Chilly Tektite
  4041 | D:5      | Found Boetuyha's CLEARANCE SALE!.
  4049 | D:5      | Bought 2 scrolls of identify for 12 gold pieces
  4049 | D:5      | Bought a book of Spectacle for 120 gold pieces
  4054 | D:5      | Learned a level 4 spell: Iskenderun's Mystic Blast
  4200 | D:5      | Reached skill level 1 in Translocations
  4340 | D:5      | Found a white marble altar of Elyvilon.
  4350 | D:5      | Reached XP level 8. HP: 32/43 MP: 17/20
  4637 | D:6      | Reached * piety under Vehumet
  4637 | D:6      | Offered knowledge of Shock by Vehumet.
  4883 | D:6      | Reached skill level 7 in Spellcasting
  5855 | D:7      | Identified 3 scrolls of acquirement
  5855 | D:7      | Acquired the ring "Zanecrar" {Fly rC+ rCorr Str+4}
  5857 | D:7      | Acquired the Opusculum on Coruscating Wicked Rites
  5859 | D:7      | Acquired 941 gold pieces
  5998 | D:3      | Bought a book of Party Tricks for 176 gold pieces
  5998 | D:3      | Bought a book of Unlife for 396 gold pieces
  5998 | D:3      | Bought a book of Touch for 242 gold pieces
  6003 | D:3      | Learned a level 4 spell: Dispel Undead
  6136 | D:7      | Reached skill level 1 in Necromancy
  6156 | D:7      | Reached XP level 9. HP: 47/47 MP: 3/22
  6412 | D:7      | Noticed Joseph
  6424 | D:7      | Killed Joseph
  6425 | D:7      | Reached skill level 8 in Spellcasting
  6425 | D:7      | Reached skill level 5 in Conjurations
  6666 | D:7      | Noticed Prince Ribbit
  6684 | D:7      | Offered knowledge of Momentum Strike by Vehumet.
  6705 | D:7      | Reached ** piety under Vehumet
  6706 | D:7      | Killed Prince Ribbit
  6707 | D:7      | Reached skill level 9 in Spellcasting
  6739 | D:7      | Reached skill level 5 in Dodging
  6909 | D:7      | Identified the staff of earth "Bomyuna" {rElec rC+ Int-4}
  6909 | D:7      | Noticed a centaur warrior
  6919 | D:7      | Shot with an arrow by a centaur warrior

Illustrated notes

Levels and vault maps discovered:
D:1:      ldierk_walled_garden_2, layout_basic, serial_curves, eino_curves_01,
          eino_curves_01
D:2:      layout_loops_corners, hellmonk_ecumenical_altar_dog_temple,
          uniq_crazy_yiuf_cottage
D:3:      layout_loops_ring, serial_shops, nicolae_book_shop_shelving,
          uniq_grinder, uniq_jessica, uniq_terence
D:4:      layout_cave_pools, minmay_temple_entry_mist, minmay_statues_item
D:5:      cheibrodos_quashed, layout_rooms, mainiacjoe_overflow_six_doors_small,
          nicolae_shop_clearance
D:6:      minmay_spotlight, layout_cave_pods
D:7:      nzn_winding_woodlands_cross [nzn_winding_woodlands_5x15_concentric,
          nzn_winding_woodlands_5x15_lazy_stream,
          nzn_winding_woodlands_5x15_cabin, nzn_winding_woodlands_5x15_garden,
          nzn_winding_woodlands_15x15_eel_pit], layout_loops_cross, uniq_joseph,
          uniq_prince_ribbit1
Temple:   nicolae_temple_no_exploring_needed

Skill      XL: |  1  2  3  4  5  6  7  8  9 |
---------------+----------------------------+-----
Stealth        | 3 |  3.6
Fire Magic     | 4 5 6 7 |  7.4
Spellcasting   | 4 5 6 7 9 |  9.5
Conjurations   | 4 5 |  5.2
Dodging        | 3 4 5 |  5.0
Long Blades    | 1 |  1.0
Fighting       | 1 2 |  2.0
Short Blades   | 1 2 |  2.9
Translocations | 2 4 |  4.7
Evocations     | 3 |  3.0
Necromancy     | 2 |  2.9

Action                     |  1- 3 |  4- 6 |  7- 9 || total
---------------------------+-------+-------+-------++-------
  Melee: Unarmed           |     1 |       |       ||     1
         Dagger            |    46 |    45 |    98 ||   189
         Long sword        |       |    34 |       ||    34
         Punch             |       |       |     1 ||     1
   Cast: Foxfire           |    31 |    18 |    60 ||   109
         Scorch            |     4 |    14 |    36 ||    54
         Iskenderun's Myst |       |       |    10 ||    10
         Flame Wave        |       |       |     8 ||     8
    Use: Scroll            |     1 |    12 |    10 ||    23
         Potion            |       |     3 |     2 ||     5
   Stab: Sleeping          |     2 |     2 |     7 ||    11
 Armour: Robe              |     7 |    27 |    16 ||    50
  Dodge: Dodged            |    31 |    59 |    81 ||   171
